 Dungeon Crawl Stone Soup version 0.31-a0-152-g6aa68a64a1 (webtiles) character file.

Game seed: 1146165076021640236

86575 Midn8 the Champion of Chaos (level 15, -9/126 HPs)
             Began as a Demonspawn Reaver on June 9, 2023.
             Was the Champion of Makhleb.
             Mangled by a shock serpent (11 damage)
             ... on level 1 of the Snake Pit.
             The game lasted 01:08:49 (26589 turns).

Midn8 the Champion of Chaos (Demonspawn Reaver)    Turns: 26589, Time: 01:08:50

Health: -9/126     AC: 24    Str: 25    XL:     15   Next: 41%
Magic:  0/35       EV:  6    Int: 15    God:    Makhleb [******]
Gold:   1381       SH:  0    Dex: 12    Spells: 17/18 levels left

rFire   . . .        E - +2 whip (elec)
rCold   + . .        (no shield)
rNeg    . . .        S - +3 plate armour {rC+}
rPois   .            M - +2 hat
rElec   .            (cloak unavailable)
rCorr   .            q - +1 pair of gloves
SInv    .            r - +1 pair of boots
Will    +....        w - amulet of guardian spirit Stlth
                     g - +6 ring of strength
HPRegen 0.41/turn    B - ring of magical power
MPRegen 0.24/turn

%: guardian spirit
@: lethally poisoned (-9 -> -29), slowed, constricted, very slow
A: antennae 1, demonic guardian 2, foul stench 2, weakness stinger 3, demonic
touch 2
a: Renounce Religion, Minor Destruction, Lesser Servant of Makhleb, Major
Destruction, Greater Servant of Makhleb


You were on level 1 of the Snake Pit.
You worshipped Makhleb.
Makhleb was exalted by your worship.
You visited 4 branches of the dungeon, and saw 23 of its levels.

You collected 2510 gold pieces.
You spent 1129 gold pieces at shops.

Inventory:

Hand Weapons
 z - the +6 sling of Instinct {flame, SInv}
   (You found it on level 6 of the Dungeon)

   SInv:      It lets you see invisible.
 D - a +0 morningstar
 E - a +2 whip of electrocution (weapon)
Missiles
 j - 2 boomerangs of dispersal
 p - 46 poisoned darts
 A - 9 javelins
 O - 30 boomerangs
 T - 7 curare-tipped darts
 U - 5 throwing nets
Armour
 n - a +1 chain mail of poison resistance
 q - a +1 pair of gloves (worn)
 r - a +1 pair of boots (worn)
 M - a +2 hat (worn)
 S - a +3 plate armour of cold resistance (worn)
Jewellery
 b - a ring of see invisible
 g - a +6 ring of strength (left hand)
 h - a ring of flight
 t - an amulet of the acrobat
 w - an amulet of guardian spirit (around neck)
 x - a ring of protection from fire
 B - a ring of magical power (right hand)
 F - a ring of wizardry
Wands
 k - a wand of digging (8)
 o - a wand of flame (50)
 H - a wand of charming (8)
 N - a wand of polymorph (3)
 R - a wand of iceblast (23)
 V - a wand of mindburst (12)
 Y - a wand of light (5)
Scrolls
 a - a scroll of enchant armour
 e - 3 scrolls of identify
 l - 13 scrolls of teleportation
 u - 3 scrolls of fog
 v - 3 scrolls of blinking
 y - a scroll of brand weapon
 K - 3 scrolls of magic mapping
 Q - 2 scrolls of amnesia
 Z - a scroll of enchant weapon
Potions
 c - 3 potions of mutation
 d - 2 potions of lignification
 f - a potion of cancellation {unknown}
 m - 8 potions of curing
 s - 2 potions of brilliance
 C - 6 potions of heal wounds
 G - 3 potions of enlightenment
 I - 7 potions of ambrosia
 J - 2 potions of haste
 L - a potion of attraction
 P - 4 potions of invisibility
Miscellaneous
 W - a piece from Xom's chessboard (15/15)


   Skills:
 + Level 14.0 Fighting
 - Level 12.0 Maces & Flails
 - Level 10.0 Throwing
 - Level 10.4 Armour
 - Level 6.0 Dodging
 - Level 2.0 Spellcasting
 - Level 3.0 Conjurations
 - Level 15.0 Invocations
 - Level 6.0 Evocations


You had 17 spell levels left.
You knew the following spells:

 Your Spells              Type           Power      Damage    Failure   Level
a - Kiss of Death         Conj/Necr      24%        2d7       75%         1

Your spell library contained the following spells:

 Spells                   Type           Power      Damage    Failure   Level
 Magic Dart               Conj           40%        1d5       54%         1
 Searing Ray              Conj           20%        2d5       67%         2
 Shock                    Conj/Air       24%        1d4       75%         1
 Momentum Strike          Conj/Tloc      12%        3d8       87%         2
 Apportation              Tloc           2%         N/A       91%         1
 Necrotise                Necr           4%         1d4       91%         1
 Summon Small Mammal      Summ           4%         N/A       91%         1
 Call Imp                 Summ           2%         N/A       97%         2
 Cigotuvi's Dreadful Rot  Necr/Pois/Air  2%         N/A       97%         2
 Poisonous Vapours        Pois/Air       2%         N/A       97%         2
 Dazzling Flash           Conj/Hex       12%        N/A       98%         3
 Hailstorm                Conj/Ice       6%         3d4       98%         3
 Stone Arrow              Conj/Erth      12%        3d7       98%         3
 Mephitic Cloud           Conj/Pois/Air  4%         N/A       99%         3
 Ignite Poison            Fire/Tmut/Pois 1%         N/A       100%        3
 Swiftness                Air            1%         N/A       100%        3
 Volatile Blastmotes      Fire/Tloc      2%         2d10      100%        3
 Airstrike                Air            0%         2d(1-17)  100%        4
 Anguish                  Hex/Necr       0%         N/A       100%        4
 Animate Armour           Summ/Erth      2%         N/A       100%        4
 Cause Fear               Hex            0%         N/A       100%        4
 Fulminant Prism          Conj/Hex       3%         3d5       100%        4
 Iskenderun's Mystic Bla  Conj/Tloc      6%         2d4       100%        4
 Freezing Cloud           Conj/Ice/Air   2%         6-21      100%        5
 Summon Forest            Summ/Tloc      0%         N/A       100%        5
 Eringya's Noxious Bog    Tmut/Pois      0%         N/A       100%        6
 Simulacrum               Ice/Necr       0%         N/A       100%        6
 Starburst                Conj/Fire      3%         6d3       100%        6
 Enfeeble                 Hex            0%         N/A       100%        7
 Ozocubu's Refrigeration  Ice            0%         4d7       100%        7
 Summon Hydra             Summ           0%         N/A       100%        7
 Lehudib's Crystal Spear  Conj/Erth      3%         10d2      100%        8
 Polar Vortex             Ice            0%         N/A       100%        9


Dungeon Overview and Level Annotations

Branches:
Dungeon (15/15)            Temple (0/1) D:4            Lair (5/5) D:9
  Swamp (0/4) Lair:2        Snake (1/4) Lair:2        Slime (0/5) Lair:4
    Orc (2/2) D:10            Elf (0/3) Orc:2        Vaults (0/5) D:14
 Depths (0/4) D:15

Altars:
Ashenzari
Cheibriados
Dithmenos
Fedhas
Gozag
Makhleb
Qazlal
Ru
Trog
Uskayaw
Vehumet
Xom
Yredelemnul
Jiyva

Shops:
D:2 [   D:6 [   D:8 *   D:14 *   Orc:1 (   Orc:2 [(([(

Annotations:
D:4 1 runed translucent door, Crazy Yiuf
D:8 3 runed translucent doors, ZoeForever1's ghost, novice DEFE
D:10 exclusion: 2 doors


Innate Abilities, Weirdness & Mutations

You have a pair of small antennae on your head.
A demonic guardian rushes to your aid.
You sometimes emit foul miasma when damaged in melee.
You have a sharp stinger which inflicts weakening toxins.
Your touch may inflict irresistible damage on your foes.


Message History

The shock serpent bites you but does no damage.
The naga sharpshooter spits poison at you.
The splash of poison hits you but does no damage.
You are more poisoned.
The black mamba bites you but does no damage. x2
The anaconda bites you but does no damage.
The anaconda constricts you.
* * * LOW HITPOINT WARNING * * *
The black mamba barely misses you.
Unknown command.
You escape the anaconda's grasp.
* * * LOW HITPOINT WARNING * * *
You feel extremely sick.
The shock serpent bites you but does no damage.
The shock serpent bites you.
* * * LOW HITPOINT WARNING * * *
A demonic guardian appears!
The shock serpent shocks you!
* * * LOW HITPOINT WARNING * * *
The black mamba bites you but does no damage.
The black mamba barely misses you.
The black mamba bites you but does no damage.
The anaconda grabs you.
You stop descending the stairs.
The anaconda bites you!
* * * LOW HITPOINT WARNING * * *
The anaconda constricts you.
The naga mage points at the naga and mumbles some strange words.
The naga seems to grow toxic.
The naga mage gestures wildly while chanting.
The naga mage seems to speed up.
The shock serpent bites you but does no damage. x2
The black mamba closely misses you. x3; The naga sharpshooter shoots an arrow.
The arrow hits you.
* * * LOW HITPOINT WARNING * * *
The anaconda barely misses you. The anaconda constricts you.
* * * LOW HITPOINT WARNING * * *
The shock serpent bites you but does no damage.
The salamander hits you but does no damage.
The shock serpent bites you!
* * * LOW HITPOINT WARNING * * *
The shock serpent shocks you!
You die...

........##.......
.................
...............#
#......8......#
#..N8.....8...#
#...N.SN4.....##
#....SSSNN......
#.N8NN@8<..8..#
......SSS.NN.....
.#...N.N.S.......
.....8.N.N.8.....
##......8.NN.....
..............###
..............#
...........##.#
.........!. ..


You could see a naga warrior (catching breath), 3 naga sharpshooters, a
salamander, an anaconda, 2 shock serpents, a mana viper, 4 black mambas, 4 naga
magi, 7 nagas and a friendly orange demon (summoned).

Vanquished Creatures
  Snorg (Lair:5)
  A dire elephant (D:15)
  7 hydras
  4 catoblepae (Lair:5)
  4 boulder beetles
  A centaur warrior (D:13)
  4 two-headed ogres
  2 dancing weapons (D:14)
  6 death yaks (Lair:5)
  4 orc high priests
  Nergalle (D:12)
  3 skysharks
  5 orc knights (Orc:2)
  An orc sorcerer (Orc:2)
  5 deep elf pyromancers
  7 cyclopes
  5 ugly things
  4 manticores
  3 elephants (Lair:5)
  An ice statue (D:12)
  Joseph (D:7)
  5 black mambas
  14 cane toads
  8 komodo dragons
  An unseen horror (D:11)
  2 rime drakes
  3 ice devils (D:12)
  4 kobold demonologists
  A tengu conjurer (D:15)
  3 polar bears
  7 trolls
  A troll (shapeshifter) (D:14)
  A queen bee (Lair:2)
  3 hornets
  14 blink frogs
  7 dream sheep (Lair:5)
  5 slime creatures
  49 yaks
  A shadow (D:11)
  3 wraiths
  A vampire (D:12)
  5 wyverns
  Eustachio (D:6)
  A dire elephant simulacrum (D:12)
  A human (D:8)
  3 basilisks
  13 vampire mosquitoes
  8 wargs
  5 swamp worms (Lair:2)
  An acid dragon (D:9)
  14 water moccasins
  6 black bears
  An ice beast (D:7)
  A sky beast (D:7)
  40 orc warriors
  2 ogres
  5 boggarts (D:15)
  14 wolves
  11 centaurs
  3 phantoms
  5 kobold brigands
  8 bullfrogs
  4 scorpions
  2 gnoll sergeants
  A cane toad simulacrum (D:12)
  7 wights (D:8)
  28 killer bees
  An elephant simulacrum (D:12)
  3 howler monkeys
  An electric eel (D:10)
  2 hounds
  A jelly (D:6)
  22 orc priests
  18 hell rats
  5 iguanas
  24 orc wizards
  Ijyb (D:3)
  2 troll simulacra (D:12)
  10 gnolls
  6 adders
  A shadow imp (D:8)
  2 white imps (D:12)
  2 worms
  A dart slug (D:5)
  86 orcs
  3 ball pythons (D:1)
  5 bats
  9 endoplasms
  2 giant cockroaches (D:4)
  9 goblins
  5 hobgoblins
  4 jackals (D:3)
  2 quokkas
  19 kobolds
  A kobold skeleton (D:8)
  3 rats
643 creatures vanquished.

Vanquished Creatures (collateral kills)
  Saint Roka (Orc:2)
  A centaur warrior (D:13)
  A boulder beetle (D:15)
  Erica (D:9)
  A tengu warrior (D:15)
  A salamander (D:15)
  A cyclops (D:15)
  A troll (D:12)
  A polar bear (Lair:3)
  2 blink frogs (Lair:1)
  3 yaks (Lair:3)
  2 orc warriors
  An ogre (Orc:2)
  A wolf (Lair:3)
  A gnoll sergeant (D:9)
  A killer bee (D:8)
  An electric eel (D:10)
  2 orc priests
  2 orc wizards (D:9)
  A gnoll (D:9)
  4 orcs
  3 kobolds (D:9)
33 creatures vanquished.

Vanquished Creatures (others)
  Sonja (Lair:5)
  An orc (Orc:1)
2 creatures vanquished.

Grand Total: 678 creatures vanquished

Notes
Turn   | Place    | Note
-------+----------+-------------------------------------------
     0 | D:1      | Midn8 the Demonspawn Reaver began the quest for the Orb.
     0 | D:1      | Reached XP level 1. HP: 16/16 MP: 3/3
   266 | D:1      | Discovered your monstrous ancestry.
   266 | D:1      | Gained mutation: You have a small tail. [demonic ancestry]
   266 | D:1      | Reached XP level 2. HP: 22/22 MP: 5/5
   866 | D:2      | Found a faded altar of an unknown god.
   867 | D:2      | Found a burning altar of Makhleb.
   870 | D:2      | Prayed at the altar of an unknown god.
   870 | D:2      | Became a worshipper of Makhleb the Destroyer
   870 | D:2      | Reached * piety under Makhleb
  1117 | D:2      | Gained mutation: You have a pair of small antennae on your
                  | head. [demonic ancestry]
  1117 | D:2      | Reached XP level 3. HP: 27/27 MP: 6/6
  1272 | D:2      | Found Ajoes's Armour Shoppe.
  1446 | D:2      | Reached skill level 2 in Invocations
  1446 | D:2      | Reached XP level 4. HP: 33/33 MP: 7/7
  1724 | D:3      | Found a hide-covered altar of Uskayaw.
  1798 | D:3      | Found a broken altar of Ashenzari.
  1874 | D:3      | Reached skill level 3 in Invocations
  1970 | D:3      | Reached ** piety under Makhleb
  2212 | D:3      | Noticed an angel
  2265 | D:3      | Noticed Ijyb
  2316 | D:3      | Killed Ijyb
  2317 | D:3      | Reached skill level 4 in Invocations
  2571 | D:4      | Gained mutation: A weak demonic guardian rushes to your
                  | aid. [demonic ancestry]
  2571 | D:4      | Reached XP level 5. HP: 31/38 MP: 8/8
  2602 | D:4      | Found a staircase to the Ecumenical Temple.
  2655 | D:4      | Reached skill level 5 in Maces & Flails
  2842 | D:4      | Noticed a black bear
  2855 | D:4      | Killed a black bear
  2856 | D:4      | Gained mutation: You have a tail ending in a sharp stinger.
                  | [demonic ancestry]
  2856 | D:4      | Reached XP level 6. HP: 24/44 MP: 9/9
  3004 | D:4      | Found a runed translucent door.
  3005 | D:4      | Noticed Crazy Yiuf
  3066 | D:4      | Found a shimmering altar of Xom.
  3070 | D:4      | Identified the +7 flail "Fuviusche" {holy, rPois rF- rN++
                  | Int+3}
  3302 | D:5      | Entered Level 5 of the Dungeon
  3349 | D:2      | Bought a +1 chain mail of poison resistance for 175 gold
                  | pieces
  3410 | D:5      | Noticed a water moccasin
  3422 | D:5      | Killed a water moccasin
  3570 | D:5      | Reached XP level 7. HP: 44/54 MP: 10/10
  3746 | D:5      | Found a blossoming altar of Fedhas.
  3750 | D:5      | Found a sacrificial altar of Ru.
  3787 | D:5      | Found a shadowy altar of Dithmenos.
  4112 | D:5      | Found a snail-covered altar of Cheibriados.
  4560 | D:6      | Found Efulaf's Armour Shoppe.
  4599 | D:7      | Noticed Joseph
  4678 | D:7      | Reached XP level 8. HP: 44/60 MP: 11/11
  4691 | D:7      | Reached *** piety under Makhleb
  4692 | D:7      | Reached skill level 1 in Armour
  4705 | D:7      | Killed Joseph
  5169 | D:7      | Reached skill level 5 in Armour
  5180 | D:7      | Reached skill level 5 in Fighting
  5231 | D:6      | Noticed Eustachio
  5444 | D:6      | Killed Eustachio
  5445 | D:6      | Gained mutation: Your touch may inflict minor irresistible
                  | damage on your foes. [demonic ancestry]
  5445 | D:6      | Reached XP level 9. HP: 57/69 MP: 12/12
  5665 | D:6      | Identified the +6 sling of Instinct {flame, SInv}
  6058 | D:8      | Reached skill level 5 in Invocations
  6061 | D:8      | Found a burning altar of Makhleb.
  6061 | D:8      | Noticed a balrug
  6121 | D:8      | Found a bloodstained altar of Trog.
  6251 | D:8      | Reached skill level 6 in Invocations
  6343 | D:8      | Found Jamour's Hallowed Reliquary.
  6348 | D:8      | Noticed an angel
  6352 | D:8      | Bought a potion of heal wounds for 65 gold pieces
  6352 | D:8      | Bought a potion of heal wounds for 65 gold pieces
  6352 | D:8      | Bought a potion of heal wounds for 65 gold pieces
  6376 | D:8      | Reached skill level 7 in Invocations
  6618 | D:8      | Noticed a two-headed ogre
  6692 | D:8      | Reached skill level 8 in Invocations
  6719 | D:8      | Killed a two-headed ogre
  6896 | D:8      | Found a runed translucent door.
  6927 | D:8      | Found a basalt altar of Yredelemnul.
  6947 | D:8      | Reached **** piety under Makhleb
  6980 | D:8      | Found a runed translucent gate.
  6982 | D:8      | Found a runed translucent gate.
  6982 | D:8      | Found a runed translucent gate.
  6982 | D:8      | Found an opulent altar of Gozag.
  6988 | D:8      | Noticed ZoeForever1's ghost (novice DEFE)
  7555 | D:8      | Identified the +8 dagger "Voyczez" {vamp, rPois rF+}
  7577 | D:8      | Gained mutation: A demonic guardian rushes to your aid.
                  | [demonic ancestry]
  7577 | D:8      | Reached XP level 10. HP: 54/73 MP: 16/16
  7771 | D:9      | Reached skill level 10 in Maces & Flails
  7791 | D:9      | Found a radiant altar of Vehumet.
  7840 | D:9      | Noticed Erica
  7858 | D:9      | Killed Erica
  8709 | D:9      | Found a staircase to the Lair.
  8812 | D:9      | Reached ***** piety under Makhleb
  9096 | D:10     | Entered Level 10 of the Dungeon
  9172 | D:10     | Noticed a boulder beetle
  9330 | D:10     | Paralysed by a hornet for 3 turns
  9340 | D:10     | Paralysed by a hornet for 3 turns
  9519 | D:10     | Gained mutation: You may rarely emit foul miasma when
                  | damaged in melee. [demonic ancestry]
  9519 | D:10     | Reached XP level 11. HP: 86/86 MP: 15/17
  9544 | D:10     | Noticed a red ugly thing
  9554 | D:10     | Killed a red ugly thing
  9603 | D:10     | Found a staircase to the Orcish Mines.
  9689 | D:10     | Identified the +4 leather armour of the Nice God {rElec
                  | Will- Str+8 Dex-2}
  9738 | D:10     | Killed a boulder beetle
  9790 | D:10     | Found a stormy altar of Qazlal.
 10349 | Lair:1   | Entered Level 1 of the Lair of Beasts
 11606 | Lair:2   | Noticed an eight-headed hydra
 11620 | Lair:2   | Killed an eight-headed hydra
 11638 | Lair:2   | Reached skill level 10 in Fighting
 11950 | Lair:2   | Gained mutation: You sometimes emit foul miasma when
                  | damaged in melee. [demonic ancestry]
 11950 | Lair:2   | Reached XP level 12. HP: 90/95 MP: 18/18
 12084 | Lair:2   | Reached skill level 5 in Dodging
 12269 | Lair:2   | Noticed a seven-headed hydra
 12285 | Lair:2   | Killed a seven-headed hydra
 12297 | Lair:2   | Noticed a six-headed hydra
 12320 | Lair:2   | Killed a six-headed hydra
 12321 | Lair:2   | Reached skill level 9 in Invocations
 12439 | Lair:2   | Found a staircase to the Snake Pit.
 12506 | Lair:2   | Reached skill level 10 in Invocations
 12538 | Lair:2   | Found a staircase to the Swamp.
 12726 | Lair:3   | You fall into a shaft and drop 2 floors!
 12726 | Lair:5   | Entered Level 5 of the Lair of Beasts
 12730 | Lair:5   | Noticed a seven-headed hydra
 12766 | Lair:4   | Reached skill level 11 in Invocations
 12789 | Lair:4   | Noticed an eight-headed hydra
 12797 | Lair:4   | Killed an eight-headed hydra
 12919 | Lair:4   | Reached skill level 12 in Invocations
 13514 | Lair:3   | Reached ****** piety under Makhleb
 13947 | Lair:3   | Gained mutation: You have a sharp stinger which inflicts
                  | weakening toxins. [demonic ancestry]
 13947 | Lair:3   | Reached XP level 13. HP: 98/108 MP: 22/22
 14527 | Lair:4   | Found a runed translucent door.
 14527 | Lair:4   | Found a viscous altar of Jiyva.
 14528 | Lair:4   | Found a staircase to the Slime Pits.
 14756 | Lair:5   | Noticed Snorg
 14781 | Lair:5   | Noticed Sonja
 14794 | Lair:5   | Killed Snorg
 14857 | Lair:5   | Your ally Sonja died
 15224 | Lair:5   | Reached skill level 1 in Evocations
 15477 | Lair:5   | Reached skill level 5 in Evocations
 15920 | Lair:5   | Reached XP level 14. HP: 112/120 MP: 23/23
 15998 | Lair:5   | Reached skill level 13 in Invocations
 17263 | D:11     | Reached skill level 14 in Invocations
 18363 | D:12     | Reached skill level 15 in Invocations
 18396 | D:12     | Reached skill level 1 in Throwing
 18630 | D:12     | Noticed Nergalle
 18654 | D:12     | Killed Nergalle
 18980 | D:12     | Noticed Nessos
 18982 | D:12     | Nessos changed into Nessos the cane toad
 18982 | D:12     | Noticed Nessos
 18988 | D:12     | Killed Nessos the cane toad
 20420 | D:13     | Reached skill level 5 in Throwing
 21717 | D:14     | Found Sarus Zalou's Assorted Antiques.
 21731 | D:14     | Bought a brightly glowing scale mail for 252 gold pieces
 21731 | D:14     | Identified the +0 scale mail "Ymuellou" {Rampage +Inv rN+
                  | Dex+2 Stlth-} (You bought it in a shop on level 14 of the
                  | Dungeon)
 21731 | D:14     | Bought a potion of curing for 84 gold pieces
 21731 | D:14     | Bought a scroll of teleportation for 84 gold pieces
 21731 | D:14     | Bought a scroll of teleportation for 84 gold pieces
 21834 | D:14     | Found a gate to the Vaults.
 22168 | D:15     | Entered Level 15 of the Dungeon
 22633 | D:15     | Found a staircase to the Depths.
 22834 | D:15     | Gained mutation: Your touch may inflict irresistible damage
                  | on your foes. [demonic ancestry]
 22834 | D:15     | Reached XP level 15. HP: 120/126 MP: 26/26
 23509 | Orc:1    | Entered Level 1 of the Orcish Mines
 23830 | Orc:1    | Found Utwitwea's Firing Range.
 23873 | Orc:1    | Bought a throwing net for 51 gold pieces
 23873 | Orc:1    | Bought 4 javelins for 204 gold pieces
 23990 | Orc:2    | Entered Level 2 of the Orcish Mines
 23996 | Orc:2    | Found a staircase to the Elven Halls.
 24140 | Orc:2    | Found Pesh's Weapon Shop.
 24855 | Orc:2    | Reached skill level 10 in Throwing
 25316 | Orc:2    | Found Ethroc's Antique Armour Shop.
 25725 | Orc:2    | Noticed Saint Roka
 25844 | Orc:2    | Killed Saint Roka
 25845 | Orc:2    | Reached skill level 10 in Armour
 25995 | Orc:2    | Found Ilakats's Antique Weapon Shoppe.
 26007 | Orc:2    | Found Qasenk's Antique Armour Emporium.
 26272 | Orc:2    | Found Ycsyvvui's Weapon Emporium.
 26584 | Snake:1  | Entered Level 1 of the Snake Pit
 26589 | Snake:1  | HP: 2/126 [shock serpent (5)]
 26589 | Snake:1  | Mangled by a shock serpent

Illustrated notes

Levels and vault maps discovered:
D:1:      heliophobic_arrival_enchanted_forest, layout_loops_ring
D:2:      layout_basic, basic_altar, serial_shops, nicolae_shop_trees,
          ebering_ecumenical_altar_box, roderic_roman_lattice
D:3:      kennysheep_the_goblin_king, layout_basic,
          mainiacjoe_overflow_alcove_1, nicolae_ashenzari_panopticon, zin_angel,
          serial_glass, glass_columns_a, glass_columns_a,
          kennysheep_generic_room_7
D:4:      layout_rooms, brannock_xom_greatest_gift, minmay_temple_entry_mist,
          amcnicky_mini_corridor_feature, uniq_crazy_yiuf_cottage
D:5:      layout_basic, kennysheep_slug_shrine, nicolae_overflow_hidden_temple
D:6:      layout_basic, serial_shops, nicolae_shop_tiny_statue_garden,
          uniq_eustachio
D:7:      layout_cave_pools, uniq_joseph
D:8:      layout_layer_cave, makhleb_altar_promises_db, dk_yredelemnul_ordeal,
          mainiacjoe_overflow_chevrons, ebering_ghost_gozag, minivault_26,
          minivault_5, nicolae_good_shop
D:9:      layout_cave_pods, mainiacjoe_overflow_24_doors,
          grunt_lair_entry_orc_guard_hut, minmay_misc_feat_five, uniq_erica
D:10:     layout_stronghold, nicolae_qazlal_style_of_elements, tso_altar,
          david_orc_3, minivault_14
D:11:     nicolae_cairo_tiling_very_big, layout_loops_ring,
          minmay_strange_pillars, minmay_increasing_density
D:12:     dreamdust_isle_of_ice, layout_basic, uniq_nessos, uniq_nergalle
D:13:     layout_basic
D:14:     layout_stronghold, erik_vaults_1, serial_shops, shop
D:15:     hangedman_depths_entry_try_elsewhere_first, layout_cross,
          gauntlet_entry_generic, nicolae_eternal_life
Lair:1:   layout_roguey, chequers_serial_rivers_large_a
Lair:2:   layout_roguey [special_room_bee], palyth_hydra_swamp_entry,
          dummy_snake_entry
Lair:3:   layout_misc_corridors, st_stairs_9, lemuel_fruit_fields
Lair:4:   layout_regular_city, slime_entry_2, lemuel_fruit_tree
Lair:5:   evilmike_catoblepas_cave, layout_loops_ring, uniq_snorg, uniq_sonja
Snake:1:  layout_rooms, serial_shops, nicolae_shop_tiny_glass,
          grunt_ministairs_12, evilmike_ambush [evilmike_ambush_outer_basic,
          evilmike_ambush_inner_basic], uniq_jorgrun
Orc:1:    layout_caves, portal_ice_cave_entry_pillars_1,
          nicolae_shop_firing_range
Orc:2:    grunt_orc_community_town_hall, layout_diamond_mine,
          grunt_orc_community_big_house_2, grunt_orc_community_big_house_1,
          grunt_orc_community_house_3, grunt_orc_community_house_3,
          grunt_orc_community_house_1, grunt_orc_community_house_1,
          grunt_orc_community_house_3, grunt_orc_community_house_2,
          serial_shops, shop, basic_altar

Skill      XL: |  1  2  3  4  5  6  7  8  9 10 11 12 13 14 15 |
---------------+----------------------------------------------+-----
Maces & Flails | 3 4 5 6 7 8 9 11 12 | 12.0
Invocations    | 2 4 8 12 15 | 15.0
Fighting       | 4 5 6 8 10 12 14 | 14.0
Armour         | 5 8 9 10 | 10.4
Dodging        | 4 6 |  6.0
Evocations     | 6 |  6.0
Throwing       | 8 10 | 10.0
Spellcasting   | |  2.0
Conjurations   | |  3.0

Action                     |  1- 3 |  4- 6 |  7- 9 | 10-12 | 13-15 || total
---------------------------+-------+-------+-------+-------+-------++-------
  Melee: Mace              |    68 |   132 |   189 |       |       ||   389
         Tailslap          |     8 |    17 |    30 |   105 |   296 ||   456
         Punch             |       |     1 |     5 |    11 |    20 ||    37
         Whip              |       |       |    76 |   681 |  1439 ||  2196
         Touch             |       |       |    18 |   128 |   318 ||   464
  Throw: Boomerang         |       |       |       |       |    17 ||    17
         Dart              |       |       |       |       |     3 ||     3
 Invoke: Minor Destruction |       |    10 |    32 |   157 |   149 ||   348
         Major Destruction |       |       |     2 |     4 |    13 ||    19
         Lesser Servant of |       |       |     1 |     2 |     6 ||     9
         Greater Servant o |       |       |       |       |     2 ||     2
  Evoke: Wand              |       |       |       |       |     4 ||     4
    Use: Scroll            |       |     5 |     3 |     9 |     7 ||    24
         Potion            |       |     3 |     1 |       |       ||     4
   Stab: Distracted        |       |       |       |     1 |     5 ||     6
         Petrified         |       |       |       |       |    23 ||    23
         Petrifying        |       |       |       |       |     1 ||     1
         Confused          |       |       |       |       |     1 ||     1
 Armour: Ring mail         |    24 |    72 |       |       |       ||    96
         Leather armour    |     1 |       |       |       |       ||     1
         Skin              |       |    44 |     6 |       |       ||    50
         Chain mail        |       |    12 |   215 |   260 |   139 ||   626
         Plate armour      |       |       |       |       |   532 ||   532
  Dodge: Dodged            |    34 |    97 |   184 |   255 |   423 ||   993

Table legend: (Time is in decaauts)
 A = Elapsed time spent in this place.
 B = Non-inter-level travel time spent in this place.
 C = Inter-level travel time spent in this place.
 D = Time resting spent in this place.
 E = Time spent auto-exploring this place.
 F = Levels seen in this place.
 G = Mean time per level.
                   A        B        C        D        E       F      G
               +--------+--------+--------+--------+--------+-----+--------+
         Total |  25642 |  23806 |   1836 |   5632 |  13277 |  23 | 1114.9 |
       Dungeon |  17048 |  15551 |   1497 |   3400 |   9301 |  15 | 1136.5 |
          Lair |   5852 |   5581 |    271 |   1266 |   2997 |   5 | 1170.4 |
     Snake Pit |      5 |      5 |      0 |      0 |      0 |   1 |    5.0 |
  Orcish Mines |   2735 |   2670 |     65 |    966 |    979 |   2 | 1367.5 |
               +--------+--------+--------+--------+--------+-----+--------+

Top non-repeatable levels by time:
   Orc:2: 2004 daAuts
     D:8: 1950 daAuts
  Lair:5: 1609 daAuts
    D:12: 1537 daAuts
     D:9: 1463 daAuts
    D:10: 1420 daAuts
    D:14: 1300 daAuts
  Lair:2: 1155 daAuts
  Lair:1: 1153 daAuts
    D:15: 1149 daAuts
    D:13: 1138 daAuts
  Lair:4: 1107 daAuts
    D:11: 954 daAuts
     D:5: 948 daAuts
     D:2: 903 daAuts
